 Dungeon Crawl Stone Soup version 0.23.0 (webtiles) character file.

Game seed: 16131658053071855329

29121 TheOrbIsALie the Thaumaturge (level 13, -12/101 HPs)
             Began as a Gnoll Wanderer on Feb 19, 2019.
             Was the Champion of Okawaru.
             Killed from afar by a gargoyle (22 damage)
             ... with a stone arrow
             ... on level 12 of the Dungeon.
             The game lasted 00:37:55 (11572 turns).

TheOrbIsALie the Thaumaturge (Gnoll Wanderer)      Turns: 11572, Time: 00:37:55

Health: -12/101    AC: 25    Str: 21    XL:     13   Next: 43%
Magic:  25/27      EV: 15    Int: 25    God:    Okawaru [******]
Gold:   1333       SH:  0    Dex: 13    Spells: 30/33 levels left

rFire    . . .     SeeInvis +   b - +2 lajatang "Sitwa" {slice, +Blink MR+ SInv}
rCold    + . .     Gourm    .   (shield currently unavailable)
rNeg     . . .     Faith    +   R - +3 chain mail
rPois    .         Spirit   .   I - +0 helmet {SInv}
rElec    .         Reflect  .   e - +0 cloak
rCorr    .         Harm     .   i - +1 pair of gloves
MR       +....                  r - +2 pair of boots
Stlth    +.........             M - amulet of faith
HPRegen  0.26/turn              t - ring of Dumisoc {Str+5 Int+8 Dex-3 Slay+5 Stlth-}
MPRegen  0.20/turn              H - ring of protection from cold

@: heroism
A: distributed training, fangs 1, strong nose
a: Heroism, Finesse, Renounce Religion, Evoke Blink


You were on level 12 of the Dungeon.
You worshipped Okawaru.
Okawaru was exalted by your worship.
You were very hungry.

You visited 1 branch of the dungeon, and saw 13 of its levels.
You also visited: Ossuary and Gauntlet.

You collected 1333 gold pieces.

Inventory:

Hand Weapons
 b - the +2 lajatang "Sitwa" (weapon) {slice, +Blink MR+ SInv}
   (You found it in a Gauntlet)

   It inflicts extra damage upon your enemies.
   It affects your resistance to hostile enchantments.
   It lets you see invisible.
   It lets you blink.
 s - a +0 longbow
 x - a +3 dire flail of protection
 B - the +5 hunting sling of Utanun {freeze, rPois}
   (You took it off a minotaur in a Gauntlet)

   It causes projectiles fired from it to freeze those they strike, causing
   extra injury to most foes and up to half again as much damage against
   particularly susceptible opponents.
   They can also slow down cold-blooded creatures.
   It protects you from poison.
 V - the +3 hand crossbow of Summer {flame, Str-5 Dex+4 Stlth+}
   (Okawaru gifted it to you on level 12 of the Dungeon)

   It causes projectiles fired from it to burn those they strike, causing extra
   injury to most foes and up to half again as much damage against particularly
   susceptible opponents.
   It affects your strength (-5).
   It affects your dexterity (+4).
   It makes you more stealthy.
Missiles
 f - 215 bolts
 p - 96 sling bullets
 y - 6 javelins (quivered)
 U - 341 arrows
 Z - 13 silver javelins
Armour
 e - a +0 cloak (worn)
 i - a +1 pair of gloves (worn)
 r - a +2 pair of boots (worn)
 I - a +0 helmet of see invisible (worn)
 R - a +3 chain mail (worn)
Magical Staves
 k - an uncursed staff of conjuration {unknown}
 O - an uncursed staff of earth
Jewellery
 a - an uncursed ring of see invisible
 l - an uncursed ring of magical power
 q - a +2 ring of strength
 t - the ring of Dumisoc (left hand) {Str+5 Int+8 Dex-3 Slay+5 Stlth-}
   (You found it in a Gauntlet)

   [ring of attention]

   It affects your strength (+5).
   It affects your intelligence (+8).
   It affects your dexterity (-3).
   It affects your accuracy and damage with ranged weapons and melee attacks
   (+5).
   It makes you less stealthy.
 H - a ring of protection from cold (right hand)
 M - an amulet of faith (around neck)
 W - an uncursed amulet of regeneration
 X - an uncursed ring of flight
Wands
 L - a wand of acid (24)
 Q - a wand of paralysis (10)
 T - a wand of digging (11)
Scrolls
 g - 3 scrolls of remove curse
 h - a scroll of magic mapping {unknown}
 n - a scroll of enchant weapon {unknown}
 u - 9 scrolls of identify
 z - 3 scrolls of fear
 A - 4 scrolls of amnesia
 D - 6 scrolls of teleportation
 G - a scroll of enchant armour
 K - a scroll of immolation
Potions
 c - 2 potions of agility
 j - 2 potions of heal wounds
 m - a potion of resistance {unknown}
 o - 6 potions of brilliance {unknown}
 v - 2 potions of magic {unknown}
 w - a potion of berserk rage
 C - a potion of mutation
 E - 2 potions of cancellation
 F - 2 potions of flight {unknown}
 J - 3 potions of lignification
 N - 2 potions of invisibility {unknown}
 P - a potion of haste {unknown}
 S - a potion of degeneration {unknown}
Miscellaneous
 Y - a phial of floods
Comestibles
 d - 37 rations


   Skills:
 + Level 9.4(14.4) Fighting
 + Level 8.1(13.1) Short Blades
 + Level 8.1(13.1) Long Blades
 + Level 8.1(13.1) Axes
 + Level 8.6(13.6) Maces & Flails
 + Level 8.1(13.1) Polearms
 + Level 8.1(13.1) Staves
 + Level 8.1(13.1) Slings
 + Level 8.1(13.1) Bows
 + Level 8.1(13.1) Crossbows
 + Level 8.6(13.6) Throwing
 + Level 9.4(14.4) Armour
 + Level 8.1(13.1) Dodging
 + Level 8.1(13.1) Stealth
 + Level 8.1(13.1) Shields
 + Level 8.1(13.1) Unarmed Combat
 + Level 10.7 Spellcasting
 + Level 6.7 Conjurations
 + Level 6.7 Hexes
 + Level 6.7 Charms
 + Level 6.7 Summonings
 + Level 6.7 Necromancy
 + Level 6.7 Translocations
 + Level 6.7 Transmutations
 + Level 6.7 Fire Magic
 + Level 6.7 Ice Magic
 + Level 6.7 Air Magic
 + Level 6.7 Earth Magic
 + Level 6.7 Poison Magic
 + Level 8.9 Invocations
 + Level 8.6 Evocations


You had 30 spell levels left.
You knew the following spells:

 Your Spells              Type           Power        Failure   Level  Hunger
a - Mephitic Cloud        Conj/Pois/Air  #####...     4%          3    None

Your spell library contained the following spells:

 Spells                   Type           Power        Failure   Level  Hunger
 Freeze                   Ice            ####         1%          1    None
 Magic Dart               Conj           ####         1%          1    None
 Blink                    Tloc           N/A          2%          2    None
 Call Imp                 Summ           #####...     2%          2    None
 Passwall                 Tmut/Erth      #####...     2%          2    None
 Slow                     Hex            #####...     2%          2    None
 Sticks to Snakes         Tmut           #####...     2%          2    None
 Throw Frost              Conj/Ice       #####.       2%          2    None
 Conjure Flame            Conj/Fire      #####...     4%          3    None
 Ozocubu's Armour         Chrm/Ice       #####...     4%          3    None
 Recall                   Summ/Tloc      N/A          4%          3    None
 Summon Ice Beast         Ice/Summ       #####...     14%         4    None
 Throw Icicle             Conj/Ice       #####...     14%         4    None
 Aura of Abjuration       Summ           #####.....   38%         5    ####...
 Summon Demon             Summ           #####.....   38%         5    ####...
 Summon Forest            Summ/Tloc      #####.....   38%         5    ####...
 Summon Mana Viper        Hex/Summ       #####...     38%         5    ####...
 Shadow Creatures         Summ           N/A          92%         6    #####..


Dungeon Overview and Level Annotations

Branches:
Dungeon (13/15)            Temple (0/1) D:7            Lair (0/6) D:11
    Orc (0/2) D:11
 Vaults: D:13-14

Altars:
Ashenzari
Elyvilon
Gozag
Kikubaaqudgha
Makhleb
Nemelex Xobeh
Okawaru
Qazlal
Ru
Sif Muna
Uskayaw
Vehumet
Wu Jian
Xom
Yredelemnul
Beogh
Jiyva

Annotations:
D:8 3 runed translucent doors, DrEnzyme's ghost, novice FoSk


Innate Abilities, Weirdness & Mutations

Your experience applies equally to all skills.
You have very sharp teeth.
Your uncanny sense of smell can sniff out nearby items.


Message History

There is a stone staircase leading up here.
The gargoyle hits you but does no damage.
You climb upwards.
There is a stone staircase leading down here.
You hit the gargoyle but do no damage. You hit the gargoyle but do no damage.
You bite the gargoyle, but do no damage.
The gargoyle closely misses you.
You barely miss the gargoyle.
You bite the gargoyle, but do no damage.
The gargoyle hurls a stone arrow at you.
The stone arrow misses you.
You barely miss the gargoyle.
The gargoyle hurls a stone arrow at you.
The stone arrow hits you!!
* * * LOW HITPOINT WARNING * * *
You gain the combat prowess of a mighty hero.
The gargoyle hurls a stone arrow at you.
The stone arrow hits you!!
You die...

###.#...#))............#
..#.#...#)#.....#####..#
..#.#...')#.....#...#..#
..'.#'###.####[.'...#..#
..#.....[....#..#...#..#
..#.####'###.#..###+#..#
..+.#......#.'.........#
..#.#......#.#.........#
..#.#......#.#..@......#
..#.#......#.#..9......#
..#.#......#.#.(.#######
..#.#......#.#...#
..#.########.+...#
..#..........#...#
..######'#####)..#
.................#
.................#######


You could see a gargoyle.

Vanquished Creatures
  A minotaur (Gauntlet)
  Erolcha (D:11)
  Erica (D:8)
  2 centaur warriors
  6 death yaks (Gauntlet)
  3 two-headed ogres
  Nergalle (D:11)
  A necromancer (Gauntlet)
  An ugly thing (D:12)
  3 cyclopes (D:11)
  Maurice (D:8)
  A manticore (D:11)
  A gargoyle (D:11)
  A centaur skeleton (D:11)
  2 minotaur zombies (Gauntlet)
  2 trolls (D:11)
  2 raiju (Gauntlet)
  A hippogriff (D:10)
  5 slime creatures (D:13)
  3 hornets
  A meliai zombie (D:12)
  7 redbacks (D:13)
  14 yaks
  A basilisk (D:11)
  A wraith (D:11)
  A hungry ghost (D:9)
  Grum (D:11)
  Edmund (D:6)
  Duvessa (D:6)
  2 porcupines (D:11)
  2 sky beasts
  18 orc warriors
  A black bear (D:8)
  3 ice beasts
  12 ogres
  12 centaurs
  4 wolves (D:11)
  4 crocodiles (D:11)
  A big kobold (D:8)
  2 wyvern zombies
  An elf skeleton (D:4)
  4 elf zombies
  5 bullfrogs
  Dowan (D:6)
  6 scorpions
  5 howler monkeys
  2 crimson imps
  A bullfrog zombie (D:12)
  A human zombie (Ossuary)
  A gnoll shaman (D:10)
  7 centaur zombies
  6 hounds
  3 jellies
  9 orc priests
  10 orc wizards
  A bullfrog skeleton (D:12)
  3 iguanas
  A human skeleton (D:4)
  12 worker ants
  Natasha (thrice) (D:3)
  2 lightning spires (Gauntlet)
  A big kobold zombie (Ossuary)
  A hound skeleton (D:4)
  2 mummies (Ossuary)
  2 worker ant zombies
  10 adders
  6 gnolls
  3 shadow imps
  2 adder skeletons
  4 worms
  2 dart slugs
  7 leopard geckos
  65 orcs
  4 ball pythons
  8 giant cockroaches
  7 hobgoblins
  15 jackals
  4 quokkas
  3 bats
  7 frilled lizards
  9 goblins
  A goblin zombie (Ossuary)
  12 hobgoblin zombies (Ossuary)
  3 jackal zombies
  6 kobolds
  8 kobold zombies (Ossuary)
  8 orc zombies
  A quokka skeleton (D:6)
  6 rats
  A rat zombie (Ossuary)
420 creatures vanquished.

Vanquished Creatures (collateral kills)
  A redback (D:13)
1 creature vanquished.

Vanquished Creatures (others)
  An orc (D:8)
  A quokka (D:8)
  2 fungi (D:11)
  15 plants (D:11)
19 creatures vanquished.

Grand Total: 440 creatures vanquished

Notes
Turn   | Place    | Note
-------+----------+-------------------------------------------
     0 | D:1      | TheOrbIsALie the Gnoll Wanderer began the quest for the
                  | Orb.
     0 | D:1      | TheOrbIsALie set off with the following items: a +2 mace, a
                  | +0 ring mail, a ration; and the following spells available
                  | to memorise: Passwall, Sticks to Snakes
     0 | D:1      | Reached XP level 1. HP: 20/20 MP: 8/8
   101 | D:1      | You fall through a shaft!
   130 | D:2      | Reached XP level 2. HP: 26/26 MP: 10/10
   153 | D:2      | Reached XP level 3. HP: 27/31 MP: 11/11
   166 | D:2      | Found a sacrificial altar of Ru.
   168 | D:2      | Found an iron altar of Okawaru.
   193 | D:2      | Became a worshipper of Warmaster Okawaru
   309 | D:2      | Reached skill level 1 in Invocations
   915 | D:2      | Reached skill level 1 in Short Blades
   915 | D:2      | Reached skill level 1 in Long Blades
   915 | D:2      | Reached skill level 1 in Axes
   915 | D:2      | Reached skill level 1 in Polearms
   915 | D:2      | Reached skill level 1 in Staves
   915 | D:2      | Reached skill level 1 in Slings
   915 | D:2      | Reached skill level 1 in Bows
   915 | D:2      | Reached skill level 1 in Crossbows
   915 | D:2      | Reached skill level 1 in Dodging
   915 | D:2      | Reached skill level 1 in Stealth
   915 | D:2      | Reached skill level 1 in Shields
   915 | D:2      | Reached skill level 1 in Unarmed Combat
   989 | D:2      | Reached XP level 4. HP: 35/38 MP: 13/13
  1555 | D:3      | Noticed Natasha
  1561 | D:3      | Killed Natasha
  1561 | D:3      | Reached skill level 1 in Conjurations
  1561 | D:3      | Reached skill level 1 in Hexes
  1561 | D:3      | Reached skill level 1 in Charms
  1561 | D:3      | Reached skill level 1 in Summonings
  1561 | D:3      | Reached skill level 1 in Necromancy
  1561 | D:3      | Reached skill level 1 in Translocations
  1561 | D:3      | Reached skill level 1 in Transmutations
  1561 | D:3      | Reached skill level 1 in Fire Magic
  1561 | D:3      | Reached skill level 1 in Ice Magic
  1561 | D:3      | Reached skill level 1 in Air Magic
  1561 | D:3      | Reached skill level 1 in Earth Magic
  1561 | D:3      | Reached skill level 1 in Poison Magic
  1571 | D:3      | Reached XP level 5. HP: 42/43 MP: 14/14
  1601 | D:3      | Noticed Natasha
  1606 | D:3      | Killed Natasha
  1683 | D:3      | Noticed Natasha
  1691 | D:3      | Killed Natasha
  1743 | D:3      | HP: 1/43 [gnoll/+0 halberd (7)]
  2070 | D:3      | Reached XP level 6. HP: 50/50 MP: 16/16
  2266 | D:4      | Reached * piety under Okawaru
  2266 | D:4      | Reached skill level 5 in Fighting
  2266 | D:4      | Reached skill level 5 in Armour
  2299 | D:4      | Reached XP level 7. HP: 36/56 MP: 18/18
  2332 | D:4      | Found a sand-covered staircase.
  2339 | Ossuary  | Entered an ossuary
  2670 | D:4      | Reached ** piety under Okawaru
  2670 | D:4      | Reached XP level 8. HP: 41/63 MP: 19/19
  3152 | D:5      | Entered Level 5 of the Dungeon
  3311 | D:5      | Found an ornate altar of the Wu Jian Council.
  3351 | D:5      | Found an ornate altar of the Wu Jian Council.
  3354 | D:5      | Found a basalt altar of Yredelemnul.
  3362 | D:5      | Found a hide-covered altar of Uskayaw.
  3363 | D:5      | Found a shimmering altar of Xom.
  3364 | D:5      | Found an ancient bone altar of Kikubaaqudgha.
  3364 | D:5      | Found a deep blue altar of Sif Muna.
  3364 | D:5      | Found a burning altar of Makhleb.
  3365 | D:5      | Found a stormy altar of Qazlal.
  3500 | D:5      | Found a shattered altar of Ashenzari.
  3866 | D:6      | Reached skill level 8 in Spellcasting
  4057 | D:6      | Noticed Edmund
  4082 | D:6      | Killed Edmund
  4082 | D:6      | Reached XP level 9. HP: 19/69 MP: 21/21
  4501 | D:6      | Noticed Dowan
  4506 | D:6      | Noticed Duvessa
  4510 | D:6      | Killed Dowan
  4512 | D:6      | Reached *** piety under Okawaru
  4521 | D:6      | Killed Duvessa
  4840 | D:7      | Found a sparkling altar of Nemelex Xobeh.
  4840 | D:7      | Found an opulent altar of Gozag.
  5000 | D:7      | Noticed a hornet
  5018 | D:7      | Reached skill level 5 in Maces & Flails
  5018 | D:7      | Reached skill level 5 in Throwing
  5018 | D:7      | Reached skill level 5 in Evocations
  5026 | D:7      | Killed a hornet
  5116 | D:7      | Found a staircase to the Ecumenical Temple.
  5446 | D:8      | Found a runed translucent gate.
  5450 | D:8      | Found a runed translucent gate.
  5450 | D:8      | Found a runed translucent gate.
  5455 | D:8      | Noticed DrEnzyme's ghost (novice FoSk)
  5457 | D:8      | Found a viscous altar of Jiyva.
  5513 | D:8      | Reached **** piety under Okawaru
  5513 | D:8      | Reached skill level 5 in Invocations
  5593 | D:8      | Noticed Maurice
  5600 | D:8      | Killed Maurice
  5600 | D:8      | Reached XP level 10. HP: 63/77 MP: 22/22
  5758 | D:8      | Reached skill level 5 in Short Blades
  5758 | D:8      | Reached skill level 5 in Long Blades
  5758 | D:8      | Reached skill level 5 in Axes
  5758 | D:8      | Reached skill level 5 in Polearms
  5758 | D:8      | Reached skill level 5 in Staves
  5758 | D:8      | Reached skill level 5 in Slings
  5758 | D:8      | Reached skill level 5 in Bows
  5758 | D:8      | Reached skill level 5 in Crossbows
  5758 | D:8      | Reached skill level 5 in Dodging
  5758 | D:8      | Reached skill level 5 in Stealth
  5758 | D:8      | Reached skill level 5 in Shields
  5758 | D:8      | Reached skill level 5 in Unarmed Combat
  5834 | D:8      | Found a white marble altar of Elyvilon.
  5858 | D:8      | Noticed Erica
  5873 | D:8      | Killed Erica
  5873 | D:8      | Received a gift from Okawaru
  6282 | D:9      | Reached skill level 9 in Spellcasting
  6634 | D:9      | Reached ***** piety under Okawaru
  6702 | D:9      | Received a gift from Okawaru
  6705 | D:9      | Noticed a two-headed ogre
  6712 | D:9      | Killed a two-headed ogre
  6712 | D:9      | Reached XP level 11. HP: 84/84 MP: 24/24
  7037 | D:10     | Entered Level 10 of the Dungeon
  7098 | D:10     | Noticed a two-headed ogre
  7117 | D:10     | Killed a two-headed ogre
  7411 | D:10     | Reached skill level 5 in Conjurations
  7411 | D:10     | Reached skill level 5 in Hexes
  7411 | D:10     | Reached skill level 5 in Charms
  7411 | D:10     | Reached skill level 5 in Summonings
  7411 | D:10     | Reached skill level 5 in Necromancy
  7411 | D:10     | Reached skill level 5 in Translocations
  7411 | D:10     | Reached skill level 5 in Transmutations
  7411 | D:10     | Reached skill level 5 in Fire Magic
  7411 | D:10     | Reached skill level 5 in Ice Magic
  7411 | D:10     | Reached skill level 5 in Air Magic
  7411 | D:10     | Reached skill level 5 in Earth Magic
  7411 | D:10     | Reached skill level 5 in Poison Magic
  7479 | D:10     | Received a gift from Okawaru
  8071 | D:11     | Noticed Erolcha
  8083 | D:11     | Noticed a cyclops
  8090 | D:11     | Killed a cyclops
  8124 | D:11     | Noticed a cyclops
  8133 | D:11     | Killed a cyclops
  8142 | D:11     | Noticed Grum
  8142 | D:11     | Noticed a cyclops
  8192 | D:11     | Found a radiant altar of Vehumet.
  8222 | D:11     | Received a gift from Okawaru
  8223 | D:11     | Got a polished scale mail {god gift}
  8420 | D:11     | Noticed Nergalle
  8456 | D:11     | Killed Nergalle
  8506 | D:11     | Found a roughly hewn altar of Beogh.
  8511 | D:11     | Found a gate leading to a gauntlet.
  8518 | Gauntlet | Entered a Gauntlet
  8518 | Gauntlet | Found a transporter.
  8606 | Gauntlet | Noticed a death scarab
  8609 | Gauntlet | Found a transporter.
  8612 | Gauntlet | Noticed a death scarab
  8625 | Gauntlet | Found a transporter.
  8628 | Gauntlet | Found a transporter.
  8630 | Gauntlet | Found a large runed translucent door.
  8630 | Gauntlet | Found a large runed translucent door.
  8631 | Gauntlet | Found a large runed translucent door.
  8632 | Gauntlet | Found a large runed translucent door.
  8632 | Gauntlet | Found a large runed translucent door.
  8632 | Gauntlet | Found a runed translucent door.
  8633 | Gauntlet | Found a large runed translucent door.
  8634 | Gauntlet | Found a large runed translucent door.
  8635 | Gauntlet | Found a large runed translucent door.
  8635 | Gauntlet | Found a large runed translucent door.
  8636 | Gauntlet | Found a runed translucent gate.
  8648 | Gauntlet | Found a transporter.
  8648 | Gauntlet | Found a runed translucent gate.
  8648 | Gauntlet | Noticed a death drake
  8649 | Gauntlet | Found a runed translucent gate.
  8650 | Gauntlet | Found a large runed translucent door.
  8650 | Gauntlet | Found a large runed translucent door.
  8651 | Gauntlet | Found a large runed translucent door.
  8652 | Gauntlet | Found a large runed translucent door.
  8661 | Gauntlet | Found a transporter.
  8674 | Gauntlet | Found a transporter.
  8694 | Gauntlet | Found a transporter.
  8698 | Gauntlet | Found a transporter.
  8700 | Gauntlet | Noticed a wretched star
  8706 | Gauntlet | Found a transporter.
  8731 | Gauntlet | Found a transporter.
  8733 | Gauntlet | Found a transporter.
  8733 | Gauntlet | Noticed a death yak
  8733 | Gauntlet | Noticed a death yak
  8733 | Gauntlet | Noticed a death yak
  8733 | Gauntlet | Noticed a death yak
  8734 | Gauntlet | Noticed a necromancer
  8734 | Gauntlet | Noticed a death yak
  8735 | Gauntlet | Noticed a death yak
  8764 | Gauntlet | Found a large runed translucent door.
  8765 | Gauntlet | Found a large runed translucent door.
  8767 | Gauntlet | Found a runed translucent door.
  8768 | Gauntlet | Found a large runed translucent door.
  8893 | Gauntlet | Reached XP level 12. HP: 93/93 MP: 25/25
  8918 | Gauntlet | Got a wavering iron ring
  8921 | Gauntlet | Got a shimmering lajatang
  8932 | Gauntlet | Identified the +1 scale mail "Resoen" {Int+2} (Okawaru
                  | gifted it to you on level 11 of the Dungeon)
  9013 | Gauntlet | Identified the +2 lajatang "Sitwa" {slice, +Blink MR+ SInv}
                  | (You found it in a Gauntlet)
  9015 | Gauntlet | Identified the ring of Dumisoc {Str+5 Int+8 Dex-3 Slay+5
                  | Stlth-} (You found it in a Gauntlet)
  9086 | Gauntlet | Killed a death yak
  9092 | Gauntlet | Killed a death yak
  9096 | Gauntlet | Killed a death yak
  9096 | Gauntlet | Reached skill level 10 in Spellcasting
  9107 | Gauntlet | Killed a death yak
  9116 | Gauntlet | Killed a death yak
  9122 | Gauntlet | Killed a death yak
  9298 | Gauntlet | Identified the +5 hunting sling of Utanun {freeze, rPois}
  9298 | Gauntlet | Noticed a minotaur
  9309 | Gauntlet | Killed a minotaur
  9309 | Gauntlet | Reached ****** piety under Okawaru
  9716 | D:11     | Received a gift from Okawaru
  9779 | D:11     | Found a staircase to the Lair.
  9902 | D:11     | Killed Grum
 10042 | D:11     | Found a staircase to the Orcish Mines.
 10053 | D:11     | Killed Erolcha
 10115 | D:11     | Noticed a centaur warrior
 10121 | D:11     | Killed a centaur warrior
 10121 | D:11     | Reached XP level 13. HP: 86/101 MP: 27/27
 10323 | D:12     | Learned a level 3 spell: Mephitic Cloud
 10402 | D:12     | Received a gift from Okawaru
 10918 | D:12     | Received a gift from Okawaru
 10939 | D:12     | Got an ivory hand crossbow {god gift}
 10940 | D:12     | Identified the +3 hand crossbow of Summer {flame, Str-5
                  | Dex+4 Stlth+} (Okawaru gifted it to you on level 12 of the
                  | Dungeon)
 11322 | D:13     | Received a gift from Okawaru
 11557 | D:13     | HP: 4/101 [orc priest/divine providence (14)]
 11572 | D:12     | Killed from afar by a gargoyle

Skill      XL: |  1  2  3  4  5  6  7  8  9 10 11 12 13 |
---------------+----------------------------------------+-----
Invocations    | 1 2 3 4 5 6 7 8 |  8.9
Short Blades   | 1 2 3 4 5 6 7 8 |  8.1
Long Blades    | 1 2 3 4 5 6 7 8 |  8.1
Axes           | 1 2 3 4 5 6 7 8 |  8.1
Polearms       | 1 2 3 4 5 6 7 8 |  8.1
Staves         | 1 2 3 4 5 6 7 8 |  8.1
Slings         | 1 2 3 4 5 6 7 8 |  8.1
Bows           | 1 2 3 4 5 6 7 8 |  8.1
Crossbows      | 1 2 3 4 5 6 7 8 |  8.1
Dodging        | 1 2 3 4 5 6 7 8 |  8.1
Stealth        | 1 2 3 4 5 6 7 8 |  8.1
Shields        | 1 2 3 4 5 6 7 8 |  8.1
Unarmed Combat | 1 2 3 4 5 6 7 8 |  8.1
Conjurations   | 1 2 3 4 5 6 |  6.7
Hexes          | 1 2 3 4 5 6 |  6.7
Charms         | 1 2 3 4 5 6 |  6.7
Summonings     | 1 2 3 4 5 6 |  6.7
Necromancy     | 1 2 3 4 5 6 |  6.7
Translocations | 1 2 3 4 5 6 |  6.7
Transmutations | 1 2 3 4 5 6 |  6.7
Fire Magic     | 1 2 3 4 5 6 |  6.7
Ice Magic      | 1 2 3 4 5 6 |  6.7
Air Magic      | 1 2 3 4 5 6 |  6.7
Earth Magic    | 1 2 3 4 5 6 |  6.7
Poison Magic   | 1 2 3 4 5 6 |  6.7
Maces & Flails | 3 4 5 6 7 8 |  8.6
Throwing       | 3 4 5 6 7 8 |  8.6
Evocations     | 3 4 5 6 7 8 |  8.6
Fighting       | 5 6 7 8 9 |  9.4
Armour         | 5 6 7 8 9 |  9.4
Spellcasting   | 8 9 10 | 10.7

Action                   |  1- 3 |  4- 6 |  7- 9 | 10-12 | 13-15 || total
-------------------------+-------+-------+-------+-------+-------++-------
Melee: Mace              |   102 |    60 |       |       |       ||   162
       Bite              |     5 |    23 |    83 |    86 |    24 ||   221
       Scimitar          |       |   100 |   291 |       |       ||   391
       Punch             |       |     1 |     7 |       |       ||     8
       Dire flail        |       |       |   202 |   638 |       ||   840
       Lajatang          |       |       |       |    29 |   135 ||   164
 Fire: Hand crossbow     |       |       |       |       |    39 ||    39
Throw: Stone             |       |     7 |       |       |       ||     7
       Javelin           |       |     4 |       |       |       ||     4
 Cast: Mephitic Cloud    |       |       |       |       |     2 ||     2
Invok: Heroism           |       |       |     6 |    14 |     4 ||    24
Evoke: Wand              |       |       |     8 |    11 |     2 ||    21
  Use: Potion            |       |     1 |     3 |     4 |     2 ||    10
       Scroll            |       |     2 |     1 |    15 |       ||    18
 Stab: Sleeping          |       |     1 |     1 |     1 |       ||     3
       Paralysed         |       |       |     4 |     8 |       ||    12
       Confused          |       |       |       |       |     1 ||     1
  Eat: Chunk             |       |     4 |     9 |    12 |     4 ||    29
       Ration            |       |       |     1 |     1 |       ||     2
Armor: Ring mail         |    66 |    31 |       |       |       ||    97
       Scale mail        |       |    27 |    89 |       |       ||   116
       Chain mail        |       |       |   159 |   330 |    87 ||   576
       Leather armour    |       |       |     7 |       |       ||     7
Dodge: Dodged            |    59 |    79 |   255 |   292 |    90 ||   775
       Rpst.: Scimitar   |       |    12 |    60 |       |       ||    72
